Unix NetHack Version 3.7.0-89 Work-in-progress - last build Oct 29 2023 02:39:45 (20cca84197b74dff38aa9bb07c633f6875ef724d,branch:master). Game began 2023-10-31 12:23:52, ended 2023-10-31 13:39:51. BeanNighe, neutral male human Tourist ------ ------- |...... ......| | |.....| ......| ##0*|dq...| -. ##)#i@....| ## |...<.| ------- BeanNighe the Excursionist St:11 Dx:12 Co:16 In:13 Wi:10 Ch:15 Neutral Dlvl:6 $:749 HP:0(63) Pw:27(27) AC:0 Xp:8/1347 T:5985 Latest messages: HOOFS2 drops a sling. HOOFS2 misses it. HOOFS2 misses it. HOOFS2 hits it. HOOFS2 misses it. Lucey bites it. Are you waiting to get hit? Use 'm' prefix to force a no-op (to rest). You miss the rock mole. Lucey bites it. You miss the rock mole. HOOFS hits it. HOOFS bites it. Lucey bites it. It hits Lucey. HOOFS hits it. HOOFS bites it. It bites HOOFS. You miss the rock mole. Lucey drops a gray stone. Lucey eats a giant rat corpse. The rock mole bites! You miss the dwarf mummy. You have a sad feeling for a moment, then it passes. The dwarf mummy misses! You hit the dwarf mummy. The tengu misses! It bites the dwarf mummy. The dwarf mummy misses it. The dwarf mummy hits! You hit the dwarf mummy. The tengu bites! It misses the dwarf mummy. The dwarf mummy just misses! It bites the dwarf mummy. The dwarf mummy hits it. You hit the dwarf mummy. The tengu bites! It bites the dwarf mummy. The dwarf mummy is destroyed! The rock mole misses! Lucey bites it. It misses Lucey. It misses Lucey. You hit the tengu. The tengu bites! Lucey misses the mumak. You hear some noises. Lucey bites the tengu. The mumak butts! You die... Inventory: Coins ('$') $ - 749 gold pieces Weapons (')') h - 3 uncursed poisoned +2 orcish arrows j - a blessed +0 dart N - an uncursed +2 dart U - an uncursed +2 dart a - the uncursed rustproof +0 Mjollnir Armor ('[') G - a blessed +1 helmet (being worn) v - a cursed -2 pair of gauntlets of fumbling H - an uncursed +0 pair of iron shoes (being worn) I - an uncursed +0 dwarvish cloak (being worn) l - an uncursed +0 Hawaiian shirt with a bird of paradise motif (being worn) b - an uncursed +0 dwarvish mithril-coat (being worn) Comestibles ('%') d - an uncursed carrot g - an uncursed cram ration f - 2 uncursed food rations z - 2 uncursed fortune cookies y - an uncursed sprig of wolfsbane e - 2 uncursed tripe rations c - an uncursed egg p - 2 uncursed lichen corpses Scrolls ('?') D - an uncursed scroll of blank paper q - 2 uncursed scrolls of identify F - an uncursed scroll of identify R - an uncursed scroll of light k - a blessed scroll of magic mapping s - a cursed scroll of magic mapping o - an uncursed scroll of taming Potions ('!') X - a blessed potion of booze L - an uncursed potion of booze S - an uncursed potion of confusion E - an uncursed potion of monster detection K - an uncursed potion of monster detection x - an uncursed potion of see invisible J - an uncursed potion of sickness O - an uncursed potion of sleeping Wands ('/') W - an uncursed wand of create monster (0:13) B - an uncursed wand of striking (0:7) u - an uncursed wand of striking (0:2) Tools ('(') r - an uncursed blindfold n - an uncursed credit card named shock|pois M - an uncursed credit card m - an uncursed expensive camera (0:56) w - an uncursed skeleton key t - an uncursed towel Gems/Stones ('*') i - 2 uncursed fluorite stones V - 2 uncursed fluorite stones C - an uncursed worthless piece of black glass Y - an uncursed worthless piece of green glass T - 5 uncursed worthless pieces of orange glass P - 2 uncursed worthless pieces of red glass Z - 2 uncursed worthless pieces of white glass A - 2 uncursed worthless pieces of yellow glass Q - an uncursed worthless piece of yellowish brown glass BeanNighe the Tourist's attributes: Background: You were an Excursionist, a level 8 male human Tourist. You were neutral, on a mission for The Lady who was opposed by Blind Io (lawful) and Offler (chaotic). You were in the Dungeons of Doom, on level 6. You entered the dungeon 5985 turns ago. There was a full moon in effect when your adventure ended. You had 1347 experience points, 1213 more were needed to attain level 9. Basics: You had 0 out of 63 hit points. You had all 27 energy points (spell power). Your armor class was 0. Your wallet contained 749 zorkmids. Autopickup was on for '$?!"=/*', with exceptions. Final Characteristics: Your strength was 11 (peak:14, limit:18/100). Your dexterity was 12 (limit:18). Your constitution was 16 (limit:18). Your intelligence was 13 (limit:18). Your wisdom was 10 (limit:18). Your charisma was 15 (limit:18). Final Status: You weren't hungry. You were unencumbered. You were bare handed. You were unskilled in bare handed combat and could have enhanced that. Final Attributes: You were piously aligned. You were shock resistant. You were poison resistant. You were telepathic. You were guarded. You were lucky. You are dead. Miscellaneous: You disabled loading of bones levels. Total elapsed playing time was 50 minutes and 11 seconds. Major events: Turn 1: BeanNighe the neutral male human Tourist entered the dungeon 767: entered the Gnomish Mines 1999: attained the rank of Sightseer (level 3) 2863: attained the rank of Excursionist (level 6) 3046: reached Mine Town 3991: was bestowed with Mjollnir by The Lady 5985: killed by a mumak Vanquished creatures: 2 small mimics a watchman a quivering blob a dwarf mummy 15 brown puddings a lizard a dingo a snake a bugbear 6 Uruk-hai a pony a shrieker a violet fungus 9 gnome leaders 5 gnomish wizards 7 elf zombies a floating eye a kitten 9 dwarves a homunculus 2 rabid rats 2 orc zombies a werejackal an iguana 3 killer bees 4 hobbits 2 large kobolds a hobgoblin 4 giant rats a yellow mold a green mold 31 gnomes a garter snake a gnome zombie 5 geckos 4 jackals a goblin 2 sewer rats 4 grid bugs 2 bats 4 lichens 2 kobold zombies 5 newts 150 creatures vanquished. No species were genocided or became extinct. Voluntary challenges: You read items or engraved 6 times. You engraved Elbereth 1 time. You never genocided any monsters. You never polymorphed an object. You never changed form. You used no wishes. Achievements: You entered a shop. You entered the Gnomish Mines. You attained the rank of Sightseer. You attained the rank of Excursionist. You entered Minetown. You entered a temple. The Dungeons of Doom: levels 1 to 6 Level 1: Level 2: A general store. Stairs down to The Gnomish Mines. Level 3: A fountain. Level 4: A grave. Level 5: A fountain. Level 6: <- You were here. Final resting place for you, killed by a mumak. The Gnomish Mines: levels 3 to 8 Level 3: Level 4: Level 5: Level 6: Many shops, a temple and an altar to The Lady, some fountains. Level 7: Level 8: Game over: ---------- / \ / REST \ / IN \ / PEACE \ / \ | BeanNighe | | 749 Au | | killed by a | | mumak | | | | | | 2023 | *| * * * | * _________)/\\_//(\/(/\)/\//\/|_)_______ Aloha BeanNighe the Tourist... You died in The Dungeons of Doom on dungeon level 6 with 5738 points, and 749 pieces of gold, after 5985 moves. You were level 8 with a maximum of 63 hit points when you died.